 Dungeon Crawl Stone Soup version 0.30-a0-42-g806c11bf1d (webtiles) character file.

Game seed: 4953790674921839174

63 IdlyInterested the Slasher (level 3, 0/29 HPs)
             Began as a Demonspawn Fighter on Aug 30, 2022.
             Slain by a gnoll
             ... wielding a +2 vorpal flail
              (5 damage)
             ... on level 2 of the Dungeon.
             The game lasted 00:02:14 (943 turns).

IdlyInterested the Slasher (Demonspawn Fighter)      Turns: 943, Time: 00:02:15

Health: 0/29       AC:  6    Str: 16    XL:     3   Next: 89%
Magic:  3/3        EV:  9    Int:  9    God:
Gold:   75         SH:  4    Dex: 14    Spells: 2/2 levels left

rFire   . . .      SeeInvis .    a - +0 long sword
rCold   . . .      Faith    .    c - +0 buckler
rNeg    . . .      Spirit   .    b - +0 scale mail
rPois   .          Reflect  .    (no helmet)
rElec   .          Harm     .    (no cloak)
rCorr   .          Rampage  .    (no gloves)
Will    .....                    (no boots)
Stlth   ..........               (no amulet)
HPRegen 0.09/turn                (no ring)
MPRegen 0.08/turn                (no ring)

@: mighty
A: hooves 1
a: no special abilities


You were on level 2 of the Dungeon.
You visited 1 branch of the dungeon, and saw 2 of its levels.

You collected 75 gold pieces.

Inventory:

Hand Weapons
 a - a +0 long sword (weapon)
 j - a +0 short sword
Missiles
 g - 4 poisoned darts (quivered)
Armour
 b - a +0 scale mail (worn)
 c - a +0 buckler (worn)
Scrolls
 e - 3 scrolls of identify {unknown}
 h - a scroll of magic mapping {unknown}
 i - a scroll of noise {unknown}
 k - a scroll of fog {unknown}
Potions
 f - a potion of flight {unknown}
 l - a potion of ambrosia {unknown}
 m - a potion of magic {unknown}


   Skills:
 - Level 3.0 Fighting
 * Level 3.3 Long Blades
 - Level 2.6 Armour
 + Level 1.6 Dodging
 - Level 2.6 Shields


You had 2 spell levels left.
You didn't know any spells.
Your spell library was empty.

Dungeon Overview and Level Annotations

Branches:
Dungeon (2/15)

Altars:


Innate Abilities, Weirdness & Mutations

You have large cloven feet.


Message History

You slash the gnoll! You kick the gnoll.
You kill the gnoll!
Your Long Blades skill increases to level 3!
Things that are here:
a +0 spear; a gnoll corpse The kobold hits you but does no damage.
You see here a ring of willpower.
You slash the kobold!
You kill the kobold!
A gnoll comes into view. It is wielding a +0 club.
The gnoll shouts!
You hear a shout! x2
A gnoll comes into view. It is wielding a +0 flail.
Things that are here:
a +0 dagger; a kobold corpse You hit the gnoll.
You kick the gnoll.
The gnoll is heavily wounded.
The gnoll hits you but does no damage.
You barely miss the gnoll.
The gnoll is heavily wounded.
The gnoll barely misses you.
You slash the gnoll!
You kill the gnoll!
You hit the gnoll. You kick the gnoll, but do no damage.
The gnoll is heavily wounded.
A gnoll comes into view. It is wielding a +2 vorpal flail.
The gnoll hits you but does no damage. The gnoll hits you with a +0 flail.
You barely miss the gnoll. Your kick misses the gnoll.
The gnoll is heavily wounded.
You slash the gnoll!
You kill the gnoll!
You hit the gnoll. Your kick misses the gnoll.
The gnoll is moderately wounded.
The gnoll hits you with a +2 vorpal flail!
* * * LOW HITPOINT WARNING * * *
x2 You feel very mighty all of a sudden.
The gnoll closely misses you.
You hit the gnoll.
The gnoll is heavily wounded.
The gnoll hits you with a +2 vorpal flail.
You die...

##### ##...##
##)....##
.####...†...##
.......<.....#
.####....)...##
##......)@##.##
##...#.#)g...#
#####...##.##
##### #


You could see a gnoll.

Vanquished Creatures
  3 gnolls (D:2)
  2 dart slugs
  6 ball pythons
  6 endoplasms (D:1)
  A giant cockroach (D:1)
  A hobgoblin (D:1)
  3 kobolds
  A quokka (D:1)
  A bat (D:1)
  A frilled lizard (D:1)
  2 goblins
  2 rats (D:1)
29 creatures vanquished.

Notes
Turn   | Place    | Note
-------+----------+-------------------------------------------
     0 | D:1      | IdlyInterested the Demonspawn Fighter began the quest for
                  | the Orb.
     0 | D:1      | Reached XP level 1. HP: 18/18 MP: 1/1
   276 | D:1      | Gained mutation: You have large cloven feet. [demonic
                  | ancestry]
   276 | D:1      | Reached XP level 2. HP: 24/24 MP: 2/2
   578 | D:1      | Reached skill level 1 in Dodging
   721 | D:1      | Found a faded altar of an unknown god.
   918 | D:2      | Reached XP level 3. HP: 27/29 MP: 3/3
   943 | D:2      | Slain by a gnoll

Illustrated notes

Levels and vault maps discovered:
D:1:      doesnt_arrival_eight_statues, layout_rooms,
          hellmonk_ecumenical_altar_pennies_from_heaven
D:2:      wander_river, layout_loops_cross, serial_shops, shop, shop,
          serial_aquarium, aquarium_bridge_straight [aquarium_subvault_bridge,
          aquarium_subvault_wall, aquarium_subvault_bridge,
          aquarium_subvault_window], aquarium_window_2, aquarium_window_1,
          aquarium_view_2c, aquarium_view_2d, uniq_natasha

Skill      XL: |  1  2  3 |
---------------+----------+-----
Long Blades    | 2 3 |  3.3
Dodging        | 1 |  1.6
Fighting       | |  3.0
Armour         | |  2.6
Shields        | |  2.6

Action                   || total
-------------------------++-------
Melee: Long sword        ||    66
       Kick              ||    11
  Use: Potion            ||     1
Armor: Scale mail        ||    33
Dodge: Dodged            ||    33
Block: Buckler           ||    16

Table legend: (Time is in decaauts)
 A = Elapsed time spent in this place.
 B = Non-inter-level travel time spent in this place.
 C = Inter-level travel time spent in this place.
 D = Time resting spent in this place.
 E = Time spent auto-exploring this place.
 F = Levels seen in this place.
 G = Mean time per level.
                   A        B        C        D        E       F      G
               +--------+--------+--------+--------+--------+-----+--------+
         Total |    965 |    931 |     34 |    391 |    299 |   2 |  482.5 |
       Dungeon |    965 |    931 |     34 |    391 |    299 |   2 |  482.5 |
               +--------+--------+--------+--------+--------+-----+--------+

Top non-repeatable levels by time:
     D:1: 930 daAuts
     D:2: 34 daAuts
